 Dungeon Crawl Stone Soup version 0.24.0-1-gfbc8707122 (webtiles) character file.

Game seed: 9953588244934912399, levelgen mode: deterministic

57701 MTVSty1e the Bludgeoner (level 14, -6/70 HPs)
             Began as a Gargoyle Fighter on Oct 28, 2019.
             Was a High Priest of Okawaru.
             Hit by a large rock thrown by a cyclops (33 damage)
             ... on level 14 of the Dungeon.
             The game lasted 00:36:37 (24596 turns).

MTVSty1e the Bludgeoner (Gargoyle Fighter)         Turns: 24596, Time: 00:36:38

Health: -6/70      AC: 26    Str: 32      XL:     14   Next: 87%
Magic:  21/21      EV:  9    Int:  5 (6)  God:    Okawaru [*****.]
Gold:   1340       SH: 16    Dex:  9      Spells: 13/13 levels left

rFire    . . .     SeeInvis .   k - +5 mace (crush)
rCold    x . .     Gourm    .   c - +0 shield
rNeg     + . .     Faith    .   T - +1 ring mail "Solibb" {+Fly rPois rC- Str+6}
rPois    ∞         Spirit   .   U - +2 hat
rElec    +         Reflect  +   J - +1 cloak
rCorr    .         Harm     .   P - +0 pair of gloves
MR       +....                  t - +0 pair of boots
Stlth    +.........             x - +6 amulet of reflection
HPRegen  0.21/turn              q - ring of stealth
MPRegen  0.17/turn              d - +1 ring of evasion

@: no status effects
A: big wings, blurry vision 1, dopey 1, frail 2, negative energy resistance 1,
electricity resistance, unbreathing, petrification resistance, no potion heal 1,
rot immunity, subdued magic 1, AC +10
a: Fly, Heroism, Finesse, Renounce Religion, Evoke Flight


You were on level 14 of the Dungeon.
You worshipped Okawaru.
Okawaru was extremely pleased with you.
You were not hungry.

You visited 3 branches of the dungeon, and saw 21 of its levels.
You also visited: Gauntlet and Volcano.

You collected 1340 gold pieces.

Inventory:

Hand Weapons
 a - a +0 great mace
 k - a +5 mace of crushing (weapon)
 n - a +2 mace of flaming
Armour
 c - a +0 shield (worn)
 g - a +1 plate armour
 t - a +0 pair of boots (worn)
 w - the +0 helmet of Irurgh {+Inv rPois Str-3 Int+3}
   (You found it in a Gauntlet)

   It affects your strength (-3).
   It affects your intelligence (+3).
   It protects you from poison.
   It lets you turn invisible.
 J - a +1 cloak (worn)
 M - a +0 cloak of fire resistance
 O - a +1 hat of magic resistance
 P - a +0 pair of gloves (worn)
 T - the +1 ring mail "Solibb" (worn) {+Fly rPois rC- Str+6}
   (You found it in a Gauntlet)

   It affects your strength (+6).
   It makes you vulnerable to cold.
   It protects you from poison.
   It lets you fly.
 U - a +2 hat (worn)
Jewellery
 d - a +1 ring of evasion (right hand)
 q - a ring of stealth (left hand)
 x - a +6 amulet of reflection (around neck)
 F - a cursed amulet of inaccuracy
Wands
 h - a wand of acid (5)
 j - a wand of enslavement (8)
 s - a wand of clouds (3)
 z - a wand of flame (20)
 C - a wand of disintegration (17)
 E - a wand of digging (7)
 H - a wand of random effects (10)
 I - a wand of paralysis (11)
 N - a wand of scattershot (5)
Scrolls
 b - 2 scrolls of enchant armour
 i - 8 scrolls of remove curse
 p - 8 scrolls of enchant weapon
 r - a scroll of silence
 u - a scroll of vulnerability
 v - a scroll of fear
 y - 2 scrolls of fog
 G - 7 scrolls of identify
 K - 2 scrolls of teleportation
 S - 3 scrolls of amnesia
Potions
 e - 4 potions of agility
 l - 7 potions of curing
 m - 4 potions of brilliance
 o - a potion of cancellation
 A - 3 potions of flight
 B - a potion of invisibility
 D - a potion of mutation
 L - a potion of lignification
 Q - a potion of resistance
 R - a potion of magic
Comestibles
 f - 15 rations


   Skills:
 + Level 10.5 Fighting
 * Level 19.0 Maces & Flails
 + Level 10.5 Armour
 - Level 3.2 Shields
 * Level 10.0 Invocations


You had 13 spell levels left.
You didn't know any spells.
Your spell library contained the following spells:

 Spells                   Type           Power        Failure   Level  Hunger
 Animate Skeleton         Necr           N/A          96%         1    ##.....
 Freeze                   Ice            #...         96%         1    ##.....
 Magic Dart               Conj           #...         96%         1    ##.....
 Pain                     Necr           #...         96%         1    ##.....
 Blink                    Tloc           N/A          99%         2    ###....
 Call Imp                 Summ           #.......     99%         2    ###....
 Searing Ray              Conj           #.....       99%         2    ###....
 Slow                     Hex            #.......     99%         2    ###....
 Throw Frost              Conj/Ice       #.....       99%         2    ###....
 Conjure Flame            Conj/Fire      #.......     100%        3    ####...
 Dazzling Spray           Conj/Hex       #.....       100%        3    ####...
 Mephitic Cloud           Conj/Pois/Air  #.......     100%        3    ####...
 Ozocubu's Armour         Chrm/Ice       #.......     100%        3    ####...
 Regeneration             Chrm/Necr      #.........   100%        3    ####...
 Vampiric Draining        Necr           #.........   100%        3    ####...
 Animate Dead             Necr           N/A          100%        4    #####..
 Cause Fear               Hex            #.........   100%        4    #####..
 Force Lance              Conj/Tloc      #.......     100%        4    #####..
 Fulminant Prism          Conj/Hex       #.........   100%        4    #####..
 Iskenderun's Mystic Bla  Conj           #.......     100%        4    #####..
 Summon Ice Beast         Ice/Summ       #.......     100%        4    #####..
 Throw Icicle             Conj/Ice       #.......     100%        4    #####..
 Silence                  Hex/Air        #.........   100%        5    ######.
 Yara's Violent Unravell  Hex/Tmut       #.........   100%        5    ######.
 Deflect Missiles         Chrm/Air       #.........   100%        6    #######
 Discord                  Hex            #.........   100%        8    #######


Dungeon Overview and Level Annotations

Branches:
Dungeon (14/15)            Temple (1/1) D:4            Lair (6/6) D:8
 Shoals (0/4) Lair:3        Snake (0/4) Lair:3        Slime (0/5) Lair:6
    Orc (0/2) D:12        Volcano (visited)         Gauntlet (visited)
 Vaults: D:13-14

Altars:
Ashenzari
Cheibriados
Dithmenos
Elyvilon
Fedhas
Gozag
Hepliaklqana
Kikubaaqudgha
Makhleb
Nemelex Xobeh
Okawaru
Qazlal
Ru
Sif Muna
Trog
Uskayaw
Vehumet
Wu Jian
Xom
Yredelemnul
Zin
The Shining One
Jiyva

Shops:
D:4 ?   D:8 !   D:9 =

Portals:
Trove: D:13 (show slimy rune of Zot)

Annotations:
Lair:4 exclusion: 5 oklob plants


Innate Abilities, Weirdness & Mutations

You are resistant to torment.
Your stone body is resilient. (AC +10)
You are immune to poison.
Your large and strong wings let you fly indefinitely.
You resist negative energy. (rN+)
You are resistant to electric shocks. (rElec)
You can survive without breathing.
You are immune to petrification.
You are immune to rotting.
Scrolls take you a little longer to read.
You are dopey. (Int -2)
You are very frail. (-20% HP)
Potions are less effective at restoring your health.
Your spells are a little easier to cast, but a little less powerful.


Message History

You sock the jelly!
You kill the jelly!
Okawaru accepts your kill.
No target in view!
No target in view!
No target in view!
G - 7 scrolls of identify (gained 1)
Things that are here:
a +0 giant club x2
No target in view!
You open the door.
A fire dragon and a cyclops come into view.
Found a potion of haste.
The cyclops throws a large rock.
The large rock barely misses you.
There is an open door here.
The fire dragon breathes flames at you. The blast of flame hits you!!!
Ouch! That really hurt!
The cyclops throws a large rock.
The large rock hits you!!
You die...

.. #.###### ###...>..##
..........# ..........#
#####+####
..........#####....!....
..........#..('.@D......
............###........>
..........### #.........
.....)....# #....C....
#######.### ###+######
#.# #.# #.# #.#


You could see a fire dragon and a cyclops.

Vanquished Creatures
  Gastronok (Lair:2)
  A cacodemon (Gauntlet)
  A minotaur (Gauntlet)
  Josephine (D:10)
  7 hydras
  Fannar (Lair:2)
  A vault guard (D:13)
  Erica (Lair:2)
  2 two-headed ogres
  A centaur warrior (D:12)
  A tengu warrior (D:14)
  5 death yaks (Lair:3)
  An unseen horror (D:6)
  A manticore (D:10)
  An ugly thing (D:13)
  An orc sorcerer (Volcano)
  A salamander (shapeshifter) (D:13)
  A cyclops (D:11)
  5 elephants (Lair:6)
  3 black mambas
  A torpor snail (Lair:6)
  A smoke demon (Volcano)
  2 molten gargoyles (Volcano)
  8 spiny frogs
  A rime drake (Lair:5)
  2 efreet
  2 komodo dragons
  2 red devils (Volcano)
  A tengu conjurer (D:14)
  Grinder (D:3)
  10 polar bears
  5 blink frogs (Lair:1)
  A hornet (D:10)
  A troll (D:11)
  3 raiju (Lair:6)
  12 dream sheep
  A slime creature (D:11)
  7 hippogriffs
  Sigmund (D:3)
  A ynoxinul (Gauntlet)
  2 wyverns
  4 wraiths
  35 yaks
  Eustachio (D:4)
  6 fire bats (Volcano)
  2 basilisks
  2 neqoxecs (Gauntlet)
  9 wargs
  2 nagas (Lair:3)
  An acid dragon (D:13)
  A soldier ant (D:12)
  6 water moccasins
  14 hell hounds
  A hornet zombie (D:13)
  9 porcupines
  3 orc warriors
  4 sky beasts
  12 black bears
  A phantom (D:9)
  17 wolves
  10 ogres
  2 centaurs (D:11)
  A big kobold (D:9)
  12 crocodiles
  17 bullfrogs
  2 wyvern zombies (D:11)
  2 gnoll sergeants
  2 wyvern skeletons (D:9)
  3 scorpions
  4 wights (D:14)
  17 killer bees
  2 howler monkeys (D:13)
  5 lava snakes (Volcano)
  5 crimson imps
  A quasit (D:8)
  A bullfrog zombie (D:10)
  4 hounds
  3 bullfrog skeletons
  2 centaur skeletons
  An orc priest (D:9)
  4 iron imps (Gauntlet)
  4 jellies
  15 orc wizards
  A gnoll shaman (D:6)
  Jessica (D:3)
  7 hell rats (Lair:1)
  2 iguanas (D:11)
  Ijyb (D:4)
  Natasha (D:2)
  8 worker ants
  Robin (D:2)
  2 worker ant zombies
  12 gnolls
  9 adders
  7 river rats (Lair:1)
  5 shadow imps
  6 oozes
  An adder zombie (D:9)
  An adder skeleton (D:8)
  2 worms
  A dart slug (D:1)
  3 leopard geckos
  25 orcs
  4 bats
  10 giant cockroaches
  14 hobgoblins
  15 jackals
  9 kobolds
  15 quokkas
  2 ball pythons
  2 frilled lizards
  16 goblins
  A jackal skeleton (D:4)
  A leopard gecko skeleton (D:8)
  A quokka skeleton (D:10)
  A quokka zombie (D:5)
  20 rats
  A fungus (Lair:4)
559 creatures vanquished.

Vanquished Creatures (others)
  4 centaurs
  7 fungi (Lair:6)
  10 plants
21 creatures vanquished.

Grand Total: 580 creatures vanquished

Notes
Turn   | Place    | Note
-------+----------+-------------------------------------------
     0 | D:1      | MTVSty1e the Gargoyle Fighter began the quest for the Orb.
     0 | D:1      | Reached XP level 1. HP: 14/14 MP: 1/1
   313 | D:1      | Reached XP level 2. HP: 10/19 MP: 2/2
   453 | D:1      | Reached skill level 3 in Maces & Flails
   766 | D:1      | Reached XP level 3. HP: 21/23 MP: 3/3
  1539 | D:2      | Noticed Robin
  1546 | D:2      | Reached skill level 4 in Maces & Flails
  1557 | D:2      | Killed Robin
  1557 | D:2      | Reached XP level 4. HP: 22/28 MP: 4/4
  1886 | D:2      | Noticed Natasha
  1891 | D:2      | Killed Natasha
  2023 | D:3      | Reached skill level 5 in Maces & Flails
  2023 | D:3      | Reached XP level 5. HP: 27/32 MP: 5/5
  2114 | D:3      | Noticed Sigmund
  2116 | D:3      | Noticed Jessica
  2241 | D:3      | Killed Jessica
  2242 | D:3      | Killed Sigmund
  2242 | D:3      | Reached skill level 6 in Maces & Flails
  2242 | D:3      | Reached XP level 6. HP: 24/37 MP: 6/6
  2424 | D:3      | Found a radiant altar of Vehumet.
  2640 | D:3      | Noticed Grinder
  2663 | D:3      | Killed Grinder
  2663 | D:3      | Reached skill level 7 in Maces & Flails
  2663 | D:3      | Reached XP level 7. HP: 14/41 MP: 7/7
  2959 | D:4      | Noticed Eustachio
  2996 | D:4      | Killed Eustachio
  2996 | D:4      | Reached skill level 8 in Maces & Flails
  3075 | D:4      | Found Zures's Magic Scroll Emporium.
  3252 | D:4      | Noticed Ijyb
  3264 | D:4      | Killed Ijyb
  3565 | D:4      | Found a staircase to the Ecumenical Temple.
  3848 | D:5      | Entered Level 5 of the Dungeon
  4037 | D:5      | Reached skill level 9 in Maces & Flails
  4037 | D:5      | Reached XP level 8. HP: 46/46 MP: 8/8
  5130 | D:6      | Reached skill level 10 in Maces & Flails
  5304 | D:6      | Killed an unseen horror
  5304 | D:6      | Reached skill level 11 in Maces & Flails
  5304 | D:6      | Reached XP level 9. HP: 35/51 MP: 9/9
  5752 | D:7      | Reached skill level 12 in Maces & Flails
  6479 | D:7      | Found a sacrificial altar of Ru.
  6610 | D:8      | Found Deirhe Rebbi's Distillery.
  6649 | D:8      | Reached skill level 13 in Maces & Flails
  6679 | D:8      | Reached XP level 10. HP: 52/56 MP: 10/10
  6765 | D:8      | Found a staircase to the Lair.
  7122 | D:9      | Found Massu's Jewellery Shop.
  7130 | D:9      | Reached skill level 14 in Maces & Flails
  7609 | D:10     | Entered Level 10 of the Dungeon
  7658 | D:10     | Noticed Josephine
  7670 | D:10     | Killed Josephine
  7684 | D:10     | Reached skill level 15 in Maces & Flails
  7759 | D:10     | Noticed a manticore
  7770 | D:10     | Killed a manticore
  8085 | D:10     | Reached XP level 11. HP: 60/60 MP: 11/11
  8627 | D:11     | Noticed a two-headed ogre
  8646 | D:11     | Killed a two-headed ogre
  9161 | D:11     | Reached skill level 16 in Maces & Flails
  9473 | D:11     | Reached skill level 5 in Fighting
  9473 | D:11     | Reached skill level 5 in Armour
  9901 | D:11     | Noticed a cyclops
  9913 | D:11     | Killed a cyclops
 10260 | D:12     | Found a shattered altar of Ashenzari.
 10287 | D:12     | Found a staircase to the Orcish Mines.
 10388 | D:12     | Noticed a centaur warrior
 10395 | D:12     | Killed a centaur warrior
 11520 | Lair:1   | Entered Level 1 of the Lair of Beasts
 11666 | Lair:1   | Reached XP level 12. HP: 62/70 MP: 12/12
 12458 | Lair:1   | You fall into a shaft and drop 1 floor!
 12644 | Lair:1   | Reached skill level 17 in Maces & Flails
 12932 | Lair:2   | Noticed a six-headed hydra
 12934 | Lair:2   | Noticed Gastronok
 13031 | Lair:2   | Noticed Erica
 13039 | Lair:2   | Killed Gastronok
 13223 | Temple   | Entered the Ecumenical Temple
 13365 | Temple   | Became a worshipper of Warmaster Okawaru
 13564 | Lair:2   | Killed a six-headed hydra
 13654 | Lair:2   | Killed Erica
 13921 | Lair:2   | Noticed Fannar
 13947 | Lair:2   | Killed Fannar
 13947 | Lair:2   | Reached * piety under Okawaru
 13947 | Lair:2   | Reached skill level 1 in Invocations
 14200 | Lair:3   | Found a dark tunnel.
 14209 | Volcano  | Entered a volcano
 14546 | Volcano  | Reached XP level 13. HP: 70/78 MP: 15/15
 14576 | Volcano  | Reached ** piety under Okawaru
 14701 | Volcano  | Found a bloodstained altar of Trog.
 15741 | Lair:3   | Reached skill level 5 in Invocations
 15749 | Lair:3   | HP: 1/79 [death yak (14)]
 15752 | Lair:3   | Reached *** piety under Okawaru
 16316 | Lair:3   | Found a staircase to the Shoals.
 16339 | Lair:3   | Found a staircase to the Snake Pit.
 16748 | Lair:4   | Reached skill level 18 in Maces & Flails
 18857 | Lair:6   | Entered Level 6 of the Lair of Beasts
 18875 | Lair:6   | Reached **** piety under Okawaru
 19516 | Lair:5   | Reached ***** piety under Okawaru
 19887 | Lair:6   | Gained mutation: Your large and strong wings let you fly
                  | indefinitely. [Gargoyle growth]
 19887 | Lair:6   | Reached XP level 14. HP: 66/86 MP: 19/19
 20374 | Lair:6   | Found a staircase to the Slime Pits.
 20374 | Lair:6   | Found a viscous altar of Jiyva.
 20830 | Lair:6   | Received a gift from Okawaru
 20905 | Lair:6   | Reached skill level 10 in Fighting
 21435 | Lair:6   | Reached skill level 10 in Armour
 22071 | D:13     | Found a gate leading to a gauntlet.
 22201 | Gauntlet | Entered a Gauntlet
 22201 | Gauntlet | Found a transporter.
 22201 | Gauntlet | Found a transporter.
 22204 | Gauntlet | Found a transporter.
 22204 | Gauntlet | Found a transporter.
 22208 | Gauntlet | Found a transporter.
 22208 | Gauntlet | Found a transporter.
 22240 | Gauntlet | Found a runed translucent gate.
 22242 | Gauntlet | Found a transporter.
 22243 | Gauntlet | Found a runed translucent gate.
 22244 | Gauntlet | Found a runed translucent gate.
 22246 | Gauntlet | Found a transporter.
 22254 | Gauntlet | Noticed a cacodemon
 22258 | Gauntlet | Found a transporter.
 22272 | Gauntlet | Found a transporter.
 22287 | Gauntlet | Noticed a reaper
 22289 | Gauntlet | Found a transporter.
 22293 | Gauntlet | Found a transporter.
 22526 | Gauntlet | Gained mutation: You are dopey. (Int -2) [a cacodemon]
 22530 | Gauntlet | Gained mutation: Your spells are a little easier to cast,
                  | but a little less powerful. [a neqoxec]
 22530 | Gauntlet | Gained mutation: Scrolls take you a little longer to read.
                  | [a cacodemon]
 22532 | Gauntlet | Gained mutation: You are frail. (-10% HP) [a neqoxec]
 22536 | Gauntlet | Gained mutation: You are very frail. (-20% HP) [a
                  | cacodemon]
 22548 | Gauntlet | Killed a cacodemon
 22552 | Gauntlet | Gained mutation: Potions are less effective at restoring
                  | your health. [a neqoxec]
 22558 | Gauntlet | Got an ichor-stained helmet
 22575 | Gauntlet | Identified the cursed +0 helmet of Irurgh {+Inv rPois Str-3
                  | Int+3} (You found it in a Gauntlet)
 22609 | Gauntlet | Identified the +6 spear "Rurrep" {pierce, Str+4 SInv}
 22609 | Gauntlet | Identified the cursed +1 hunting sling "Lacertilianbane"
                  | {flame, rC+ rN+}
 22635 | Gauntlet | Got a jewelled ring mail
 22646 | Gauntlet | Identified the cursed +1 ring mail "Solibb" {+Fly rPois rC-
                  | Str+6} (You found it in a Gauntlet)
 23435 | D:13     | Found a portal to a secret trove of treasure.
 23456 | D:13     | Reached skill level 19 in Maces & Flails
 24228 | D:14     | Reached skill level 10 in Invocations
 24596 | D:14     | Hit by a large rock thrown by a cyclops

Levels and vault maps discovered:
D:1:      lightli_arrival_maybe_door_vault, layout_loops_ring, st_stairs_6
D:2:      layout_basic, uniq_natasha, uniq_robin
D:3:      layout_rooms, vehumet_crystals, first_ration, uniq_grinder,
          uniq_jessica, uniq_sigmund
D:4:      kennysheep_goblin_castle, layout_loops_ring, temple_hall,
          serial_shops, shop_scrolls, uniq_eustachio
D:5:      layout_layer_cave
D:6:      layout_loops_cross, chequers_serial_rivers_micro_a
D:7:      layout_basic, st_stairs_14, nicolae_ru_the_path_less_chosen
D:8:      layout_basic, erik_lair_orcish_takeover, serial_shops, shop
D:9:      layout_rooms, serial_shops, nicolae_shop_waterfront
D:10:     layout_stronghold, uniq_josephine
D:11:     layout_roguey, grunt_decor_cap, hangedman_little_slice_of_home,
          hangedman_abyss_or_decor_stagger
D:12:     layout_irregular_city, minmay_orc_entry_guard_dogs, basic_altar
D:13:     layout_layer_cave, gauntlet_entry_generic, enter_trove_5
D:14:     layout_roguey, david_vaults_4
Temple:   kilobyte_greek_temple
Lair:1:   lemuel_ratsnest, layout_small_grid
Lair:2:   layout_big_grid, grunt_forest_small_clearing_treed, uniq_fannar,
          uniq_gastronok, uniq_erica
Lair:3:   layout_regular_city, elwin_shoals_entry_rocks,
          guppyfry_snake_entry_island, nicolae_volcano_entry_hallway
Lair:4:   layout_regular_city, serial_bayou_pond_a, dpeg_oklob_1,
          serial_bayou_shore_b
Lair:5:   layout_cave_pods, small_statue_intersection
Lair:6:   hangedman_lair_caniforms_friends, layout_regular_city, slime_altar_1,
          serial_bayou_shore_b

Skill      XL: |  1  2  3  4  5  6  7  8  9 10 11 12 13 14 |
---------------+-------------------------------------------+-----
Maces & Flails | 3 4 5 6 7 9 11 13 15 16 17 18 19 | 19.0
Fighting       | 6 8 9 10 | 10.5
Armour         | 6 8 9 10 | 10.5
Invocations    | 3 7 10 | 10.0
Shields        | |  3.2

Action                   |  1- 3 |  4- 6 |  7- 9 | 10-12 | 13-15 || total
-------------------------+-------+-------+-------+-------+-------++-------
Melee: Flail             |   123 |       |       |       |       ||   123
       Mace              |    30 |   108 |   309 |  1005 |   992 ||  2444
Invok: Heroism           |       |       |       |     1 |    11 ||    12
       Finesse           |       |       |       |       |     2 ||     2
Evoke: Wand              |       |       |       |       |     8 ||     8
  Use: Potion            |       |     1 |       |     4 |     9 ||    14
       Scroll            |       |       |    15 |     4 |    12 ||    31
  Eat: Chunk             |     1 |     4 |       |     4 |     7 ||    16
       Ration            |       |       |     4 |     7 |     7 ||    18
Armor: Scale mail        |    38 |       |       |       |       ||    38
       Plate armour      |    56 |    83 |   207 |   530 |   603 ||  1479
       Ring mail         |       |       |       |       |    59 ||    59
Dodge: Dodged            |    25 |    16 |    42 |   123 |   214 ||   420
Block: Shield            |    68 |    58 |   247 |   771 |   856 ||  2000
       Reflection        |       |       |     2 |    25 |    11 ||    38
